[Event "Bamberg-Open 2019"]
[Site "Bamberg"]
[Date "2019.05.30"]
[Round "3.17"]
[White "Kues, Jarl-Hendrik"]
[Black "Johansson, Jukka"]
[Result "1-0"]
[ECO "D00"]
[WhiteElo "2137"]
[BlackElo "2071"]
[Annotator "ChessBase"]
[PlyCount "121"]
[EventDate "2019.05.12"]
[EventType "swiss"]
[EventCountry "GER"]
[SourceTitle "playchess.com"]
[Source "ChessBase"]
[SourceQuality "1"]
[TimeControl "40/5400+30:900+30"]

1. d4 d5 2. Bf4 Nf6 3. e3 e6 4. c3 Bd6 5. Bg3 O-O 6. Bd3 b6 7. Nf3 Bb7 8. Nbd2 Ne4 9. Qc2 f5 10. Ne5 Nd7 11. Nxd7 Qxd7 12. Nf3 c5 13. Bxd6 Qxd6 14. O-O a5 15. Qe2 Nf6 16. a4 c4 17. Bc2 Ba6 18. Ne5 Rfb8 19. Ra2 Ra7 20. Rfa1 Rc8 21. f3 Nd7 22. Nxd7 Qxd7 23. e4 Raa8 24. Re1 Re8 25. Raa1 Bb7 26. exf5 exf5 27. Qd2 g6 28. Re5 Re6 29. Rae1 Rae8 30. Kf2 Bc6 31. Rxe6 Rxe6 32. Rxe6 Qxe6 33. Qf4 Qe8 34. Qd6 Kg7 35. Qc7+ Kh6 36. Qf4+ Kg7 37. Qc7+ Kh6 38. Qxb6 Bxa4 39. Bxa4 Qxa4 40. Qb8 Qc2+ 41. Kg3 g5 42. Qf8+ Kg6 43. Qe8+ Kg7 44. Qe5+ Kg6 45. Qe6+ Kg7 46. Qe7+ Kg6 47. Qe6+ Kg7 48. Qxd5 h5 49. Qe5+ Kg6 50. Qe6+ Kg7 51. Qe7+ Kg6 52. Qd6+ Kg7 53. Qc7+ Kg6 54. Qc6+ Kg7 55. h4 gxh4+ 56. Kxh4 Qxg2 57. Qd7+ Kf6 58. Qd6+ Kf7 59. Qc7+ Kf6 60. Qe5+ Kf7 61. Qxf5+ 1-0

[Event "Bamberg-Open 2019"]
[Site "Bamberg"]
[Date "2019.05.30"]
[Round "3.18"]
[White "Ruffenach, Alain"]
[Black "Troyke, Christian"]
[Result "1/2-1/2"]
[ECO "E91"]
[WhiteElo "1936"]
[BlackElo "2328"]
[Annotator "ChessBase"]
[PlyCount "77"]
[EventDate "2019.05.12"]
[EventType "swiss"]
[EventCountry "GER"]
[SourceTitle "playchess.com"]
[Source "ChessBase"]
[SourceQuality "1"]
[TimeControl "40/5400+30:900+30"]

1. d4 g6 2. c4 Bg7 3. Nc3 Nf6 4. e4 O-O 5. Nf3 d6 6. Be2 c5 7. d5 e6 8. O-O Re8 9. Bd3 exd5 10. exd5 Bg4 11. h3 Bxf3 12. Qxf3 Nbd7 13. Bg5 Qb6 14. Rab1 Ne5 15. Qd1 Nfd7 16. Be2 f5 17. Be3 Qd8 18. Qd2 Nf7 19. Rbe1 a6 20. Bd1 Qf6 21. Ba4 Re7 22. Bxd7 Rxd7 23. Bf4 Qh4 24. Na4 Qd8 25. Nc3 Ne5 26. b3 Qa5 27. Na4 Qc7 28. Nb2 Re7 29. Bxe5 Bxe5 30. Nd3 Rae8 31. Nxe5 Rxe5 32. Rxe5 Rxe5 33. Re1 Qe7 34. Kf1 Kf7 35. g3 Re4 36. Re2 Qe5 37. Qe1 Rxe2 38. Qxe2 Kf6 39. f4 1/2-1/2

[Event "Bamberg-Open 2019"]
[Site "Bamberg"]
[Date "2019.05.30"]
[Round "3.19"]
[White "Promyshlyanskiy, Vitaliy"]
[Black "Minor, Viatcheslav"]
[Result "1-0"]
[ECO "C07"]
[WhiteElo "2282"]
[BlackElo "2032"]
[Annotator "ChessBase"]
[PlyCount "82"]
[EventDate "2019.05.12"]
[EventType "swiss"]
[EventCountry "GER"]
[SourceTitle "playchess.com"]
[Source "ChessBase"]
[SourceQuality "1"]
[TimeControl "40/5400+30:900+30"]

1. e4 e6 2. d4 d5 3. Nd2 c5 4. exd5 Qxd5 5. Ngf3 cxd4 6. Bc4 Qd6 7. O-O Nf6 8. Nb3 Nc6 9. Nbxd4 Nxd4 10. Nxd4 a6 11. Re1 Qc7 12. Qe2 Bd6 13. Bg5 O-O 14. Bd3 Nd5 15. g3 b5 16. c3 Bb7 17. a4 b4 18. c4 Nb6 19. Qh5 g6 20. Qh4 Rfe8 21. b3 Nd7 22. Be4 Nc5 23. Bxb7 Qxb7 24. Re3 e5 25. Rae1 Qd7 26. Nc2 Rab8 27. Rd1 Qc7 28. g4 Bf8 29. Rh3 f6 30. Bxf6 Ne4 31. Ne3 Re6 32. Nd5 Qa7 33. g5 Nxf2 34. Qxf2 Bc5 35. Ne3 Rf8 36. Kg2 Qb6 37. Qh4 Qb7+ 38. Rd5 Rf7 39. Qe4 Re8 40. Ng4 Bf8 41. Re3 Bd6 1-0

[Event "Bamberg-Open 2019"]
[Site "Bamberg"]
[Date "2019.05.30"]
[Round "3.20"]
[White "Waffenschmidt, Joachim"]
[Black "Syperek, Sebastian"]
[Result "1/2-1/2"]
[ECO "E91"]
[WhiteElo "1983"]
[BlackElo "2184"]
[Annotator "ChessBase"]
[PlyCount "56"]
[EventDate "2019.05.12"]
[EventType "swiss"]
[EventCountry "GER"]
[SourceTitle "playchess.com"]
[Source "ChessBase"]
[SourceQuality "1"]
[TimeControl "40/5400+30:900+30"]

1. d4 Nf6 2. c4 g6 3. Nc3 Bg7 4. e4 d6 5. Nf3 O-O 6. Be2 Nbd7 7. O-O e5 8. Be3 exd4 9. Nxd4 Nc5 10. f3 Re8 11. b4 Ne6 12. Qd2 Nxd4 13. Bxd4 c6 14. Rfd1 Qe7 15. Rac1 Be6 16. Be3 Red8 17. Bf1 d5 18. cxd5 cxd5 19. Bc5 Qe8 20. Bb5 dxe4 21. Qe3 Bd7 22. Bxd7 Rxd7 23. Bxa7 exf3 24. Qxe8+ Rxe8 25. gxf3 Bh6 26. Rxd7 Nxd7 27. Rd1 Ne5 28. Kf2 Bg7 1/2-1/2

[Event "Bamberg-Open 2019"]
[Site "Bamberg"]
[Date "2019.05.30"]
[Round "3.21"]
[White "Schmidt, Justus"]
[Black "Gass, Ulrich"]
[Result "1-0"]
[ECO "B06"]
[WhiteElo "2153"]
[BlackElo "2029"]
[Annotator "ChessBase"]
[PlyCount "41"]
[EventDate "2019.05.12"]
[EventType "swiss"]
[EventCountry "GER"]
[SourceTitle "playchess.com"]
[Source "ChessBase"]
[SourceQuality "1"]
[TimeControl "40/5400+30:900+30"]

1. e4 g6 2. Nc3 Bg7 3. g3 e5 4. Bg2 Nc6 5. d3 Nge7 6. Bg5 f6 7. Be3 Nd4 8. Qd2 d6 9. f4 Be6 10. Nge2 Nxe2 11. Nxe2 Bh6 12. d4 c6 13. O-O exf4 14. Nxf4 Bc4 15. Rf2 Rf8 16. b3 Bg8 17. Bh3 f5 18. Re1 fxe4 19. Nh5 Rxf2 20. Qxf2 Bxe3 21. Ng7# 1-0

[Event "Bamberg-Open 2019"]
[Site "Bamberg"]
[Date "2019.05.30"]
[Round "3.22"]
[White "Ammon, Tobias"]
[Black "Mooser, Nicolas"]
[Result "1-0"]
[ECO "B40"]
[WhiteElo "2151"]
[BlackElo "2026"]
[Annotator "ChessBase"]
[PlyCount "95"]
[EventDate "2019.05.12"]
[EventType "swiss"]
[EventCountry "GER"]
[SourceTitle "playchess.com"]
[Source "ChessBase"]
[SourceQuality "1"]
[TimeControl "40/5400+30:900+30"]

1. e4 c5 2. Nf3 e6 3. c3 Nf6 4. e5 Nd5 5. Bc4 d6 6. d4 cxd4 7. cxd4 Be7 8. O-O O-O 9. Qe2 b6 10. Nc3 Nxc3 11. bxc3 Bb7 12. Bf4 dxe5 13. Nxe5 Nd7 14. Nxf7 Rxf7 15. Qxe6 Qe8 16. Rfe1 Kf8 17. Re3 Nf6 18. Rae1 Ng8 19. Bd6 Rd8 20. Bb4 a5 21. Qxb6 axb4 22. Qxb7 bxc3 23. Qe4 Rc8 24. Be6 Nf6 25. Qf5 Rc7 26. Rc1 Qa4 27. Qc2 Qxd4 28. Bxf7 Kxf7 29. Rxc3 Rxc3 30. Qxc3 Qxc3 31. Rxc3 Nd5 32. Rb3 Ke6 33. a4 Bb4 34. g3 Kd6 35. Rf3 Kc6 36. Rf7 Bc3 37. Kg2 Kb6 38. Kf3 Bf6 39. h4 Nc3 40. h5 h6 41. Rxf6+ gxf6 42. Kf4 Nxa4 43. Kf5 Nc5 44. Kxf6 Kc6 45. Kg6 Kd7 46. Kxh6 Ke7 47. Kg7 Ne6+ 48. Kg8 1-0

[Event "Bamberg-Open 2019"]
[Site "Bamberg"]
[Date "2019.05.30"]
[Round "3.23"]
[White "Miettinen, Teemu"]
[Black "Korolev, Alexandr"]
[Result "1/2-1/2"]
[ECO "C45"]
[WhiteElo "2017"]
[BlackElo "2143"]
[Annotator "ChessBase"]
[PlyCount "50"]
[EventDate "2019.05.12"]
[EventType "swiss"]
[EventCountry "GER"]
[SourceTitle "playchess.com"]
[Source "ChessBase"]
[SourceQuality "1"]
[TimeControl "40/5400+30:900+30"]

1. e4 e5 2. Nf3 Nc6 3. d4 exd4 4. Nxd4 Bc5 5. Nxc6 Qf6 6. Qf3 Qxf3 7. gxf3 bxc6 8. Be3 Bb6 9. Nc3 Ne7 10. Bc4 d6 11. Rg1 Ng6 12. Ke2 f5 13. h4 Ne5 14. Bd3 Kf7 15. f4 Nxd3 16. cxd3 Ba6 17. Bxb6 cxb6 18. Ke3 Rae8 19. f3 d5 20. Rad1 Re6 21. Rg5 g6 22. e5 h6 23. Rg2 Rg8 24. d4 Bb7 25. Rdg1 h5 {[%emt 0:03:52] Ke4} 1/2-1/2

[Event "Bamberg-Open 2019"]
[Site "Bamberg"]
[Date "2019.05.30"]
[Round "3.24"]
[White "Schnicke, Robert"]
[Black "Rempeli, Alex"]
[Result "1/2-1/2"]
[ECO "C11"]
[WhiteElo "2127"]
[BlackElo "2016"]
[Annotator "ChessBase"]
[PlyCount "81"]
[EventDate "2019.05.12"]
[EventType "swiss"]
[EventCountry "GER"]
[SourceTitle "playchess.com"]
[Source "ChessBase"]
[SourceQuality "1"]
[TimeControl "40/5400+30:900+30"]

1. e4 e6 2. d4 d5 3. Nc3 Nf6 4. e5 Nfd7 5. Nce2 c5 6. c3 Nc6 7. f4 Qb6 8. Nf3 f6 9. f5 cxd4 10. cxd4 fxe5 11. fxe6 Nf6 12. Nxe5 Bb4+ 13. Bd2 Ne4 14. Bxb4 Qxb4+ 15. Nc3 Nxe5 16. Qh5+ Ng6 17. Bb5+ Ke7 18. O-O Qxd4+ 19. Kh1 Bxe6 20. Nxe4 Qxe4 21. Rae1 Qd4 22. Qh3 Qb6 23. Qa3+ Kd8 24. Bd3 Re8 25. Bxg6 hxg6 26. Qg3 Bf5 27. Rxe8+ Kxe8 28. Qe5+ Qe6 29. Rxf5 Qxe5 30. Rxe5+ Kf7 31. Rxd5 Rc8 32. h3 Ke6 33. Rb5 b6 34. Kh2 Kf6 35. Kg3 Rc2 36. Kf3 Rd2 37. a4 g5 38. b3 Rb2 39. g3 Rd2 40. b4 Rd3+ 41. Ke4 {Ke5+} 1/2-1/2

[Event "Bamberg-Open 2019"]
[Site "Bamberg"]
[Date "2019.05.30"]
[Round "3.25"]
[White "Ziegenfuss, Holger"]
[Black "Boehme, Markus"]
[Result "1-0"]
[ECO "B54"]
[WhiteElo "2006"]
[BlackElo "2118"]
[Annotator "ChessBase"]
[PlyCount "95"]
[EventDate "2019.05.12"]
[EventType "swiss"]
[EventCountry "GER"]
[SourceTitle "playchess.com"]
[Source "ChessBase"]
[SourceQuality "1"]
[TimeControl "40/5400+30:900+30"]

1. e4 c5 2. Nf3 d6 3. d4 cxd4 4. Nxd4 Nf6 5. f3 Nc6 6. c4 e6 7. Nc3 Be7 8. Be3 O-O 9. Nc2 Qa5 10. Qd2 Rd8 11. O-O-O a6 12. Kb1 Rb8 13. Nd4 Qc7 14. Rc1 Qd7 15. g4 Nxd4 16. Bxd4 b5 17. g5 Nh5 18. Be3 d5 19. cxd5 b4 20. Ne2 exd5 21. Nd4 Bb7 22. e5 g6 23. h4 Rdc8 24. Bh3 Rxc1+ 25. Qxc1 Qe8 26. Qc7 Qd8 27. Qc2 Qe8 28. Rc1 Ng7 29. Bf4 Rd8 30. Qc7 Ba8 31. Qa7 Bf8 32. Qxa6 Nh5 33. Bh2 Bg7 34. f4 f6 35. Qe6+ Kh8 36. exf6 Bf8 37. Rc7 Qa4 38. b3 Qe8 39. f7 Qxe6 40. Nxe6 Rb8 41. Nxf8 Rxf8 42. Bg1 d4 43. Bxd4+ Ng7 44. Re7 Bc6 45. Bd7 Bxd7 46. Rxd7 h5 47. gxh6 g5 48. hxg7+ 1-0

[Event "Bamberg-Open 2019"]
[Site "Bamberg"]
[Date "2019.05.30"]
[Round "3.26"]
[White "Schreiter, Thomas"]
[Black "Ziegenfuss, Antonia"]
[Result "1/2-1/2"]
[ECO "D37"]
[WhiteElo "1982"]
[BlackElo "2111"]
[Annotator "ChessBase"]
[PlyCount "77"]
[EventDate "2019.05.12"]
[EventType "swiss"]
[EventCountry "GER"]
[SourceTitle "playchess.com"]
[Source "ChessBase"]
[SourceQuality "1"]
[TimeControl "40/5400+30:900+30"]

1. d4 Nf6 2. c4 e6 3. Nf3 d5 4. Nc3 dxc4 5. e3 a6 6. Bxc4 b5 7. Bd3 c5 8. O-O Bb7 9. b3 Be7 10. Bb2 O-O 11. Rc1 Nbd7 12. Qe2 Qb6 13. Rfd1 Rad8 14. Bb1 Rfe8 15. dxc5 Bxc5 16. Nd4 Ne5 17. Nc2 Ng6 18. Ne1 Nh4 19. Rxd8 Rxd8 20. Nd1 Ng6 21. h4 Nxh4 22. Bxf6 gxf6 23. Qh5 Ng6 24. Rxc5 Rxd1 25. Rc8+ Bxc8 26. Qxd1 Qc6 27. Nd3 Bb7 28. f3 Qd5 29. Qc2 Qg5 30. Kf2 Nh4 31. Nf4 Nf5 32. Qc7 e5 33. Qxb7 exf4 34. Qc8+ Kg7 35. Qxf5 fxe3+ 36. Ke2 Qxg2+ 37. Kxe3 Qg1+ 38. Kf4 Qc1+ 39. Kg4 1/2-1/2

[Event "Bamberg-Open 2019"]
[Site "Bamberg"]
[Date "2019.05.31"]
[Round "4.2"]
[White "Hacker, Jonas"]
[Black "Langheinrich, Ferenc"]
[Result "1-0"]
[ECO "B01"]
[WhiteElo "2386"]
[BlackElo "2379"]
[Annotator "ChessBase"]
[PlyCount "82"]
[EventDate "2019.05.12"]
[EventType "swiss"]
[EventCountry "GER"]
[SourceTitle "playchess.com"]
[Source "ChessBase"]
[SourceQuality "1"]
[TimeControl "40/5400+30:900+30"]

1. e4 d5 2. exd5 Qxd5 3. Nc3 Qa5 4. d4 Nf6 5. Nf3 Bg4 6. h3 Bxf3 7. Qxf3 c6 8. Bd2 Qd8 9. O-O-O e6 10. Ne4 Nxe4 11. Qxe4 Qd5 12. Qxd5 cxd5 13. c4 dxc4 14. Bxc4 Nd7 15. Kb1 Nb6 16. Bb3 O-O-O 17. Ba5 Bd6 18. Bxb6 axb6 19. f4 Kb8 20. Rhf1 Be7 21. d5 exd5 22. Bxd5 Rd7 23. Bb3 Rhd8 24. Rxd7 Rxd7 25. Rd1 Rxd1+ 26. Bxd1 f5 27. Bc2 g6 28. Bb3 h6 29. Bf7 g5 30. Be6 gxf4 31. Bxf5 h5 32. Kc2 h4 33. Kd3 Bc5 34. Ke4 Bd6 35. Bd7 Kc7 36. Bb5 Kb8 37. Kf5 Kc7 38. Ba4 Kb8 39. Kg4 Be7 40. b4 Kc7 41. b5 Bf8 1-0

[Event "Bamberg-Open 2019"]
[Site "Bamberg"]
[Date "2019.05.31"]
[Round "4.3"]
[White "Delitzsch, Juergen"]
[Black "Stets, Dmitry"]
[Result "0-1"]
[ECO "E84"]
[WhiteElo "2175"]
[BlackElo "2391"]
[Annotator "ChessBase"]
[PlyCount "100"]
[EventDate "2019.05.12"]
[EventType "swiss"]
[EventCountry "GER"]
[SourceTitle "playchess.com"]
[Source "ChessBase"]
[SourceQuality "1"]
[TimeControl "40/5400+30:900+30"]

1. d4 Nf6 2. c4 g6 3. Nc3 Bg7 4. e4 d6 5. f3 O-O 6. Be3 Nc6 7. Nge2 a6 8. Qd2 Rb8 9. h4 b5 10. cxb5 axb5 11. h5 e5 12. hxg6 fxg6 13. d5 Na5 14. b3 b4 15. Nd1 Ba6 16. Bh6 Bxh6 17. Qxh6 Ra8 18. Rc1 Nb7 19. Rc2 Nc5 20. Nf2 Nd3+ 21. Nxd3 Bxd3 22. Rd2 Bxe2 23. Bxe2 Qe7 24. Rc2 Nh5 25. Qc1 Ra7 26. Kf2 Nf6 27. Kg1 Rfa8 28. Bb5 Rxa2 29. Rxc7 Qd8 30. Ba4 Ra1 31. Qxa1 Qxc7 32. Qe1 Qc5+ 33. Kh2 Nh5 34. Qc1 Qf2 35. Qe1 Qb6 36. Qd2 Ra5 37. Rc1 Rc5 38. Bd7 Nf4 39. Rxc5 Qxc5 40. Qa2 Kg7 41. Bh3 Qe3 42. Qc2 Ne2 43. Qd1 Qf4+ 44. Kh1 Qc1 45. Qxc1 Nxc1 46. Kg1 Nxb3 47. Kf2 Nd4 48. g3 b3 49. Bf1 b2 50. Bd3 Nb5 0-1

[Event "Bamberg-Open 2019"]
[Site "Bamberg"]
[Date "2019.05.31"]
[Round "4.5"]
[White "Pacher, Milan"]
[Black "Zenker, Ulrich"]
[Result "1-0"]
[ECO "C92"]
[WhiteElo "2396"]
[BlackElo "2147"]
[Annotator "ChessBase"]
[PlyCount "59"]
[EventDate "2019.05.12"]
[EventType "swiss"]
[EventCountry "GER"]
[SourceTitle "playchess.com"]
[Source "ChessBase"]
[SourceQuality "1"]
[TimeControl "40/5400+30:900+30"]

1. e4 e5 2. Nf3 Nc6 3. Bb5 a6 4. Ba4 Nf6 5. O-O Be7 6. Re1 b5 7. Bb3 d6 8. c3 O-O 9. h3 Nd7 10. d4 Bf6 11. d5 Ne7 12. Nbd2 Ng6 13. a4 bxa4 14. Bxa4 Nc5 15. Bc2 Nf4 16. Nf1 Kh8 17. Bxf4 exf4 18. e5 dxe5 19. Nxe5 Kg8 20. Qd4 Qd6 21. Nd2 Bb7 22. b4 Nd7 23. Ndc4 Bxe5 24. Rxe5 Qh6 25. Re7 Nf6 26. Nb6 Rad8 27. Bb3 Bxd5 28. Nxd5 Nxd5 29. Bxd5 f3 30. Rxf7 1-0

[Event "Bamberg-Open 2019"]
[Site "Bamberg"]
[Date "2019.05.31"]
[Round "4.6"]
[White "Kurayan, Ruslan"]
[Black "Lohvinov, Petro"]
[Result "1-0"]
[ECO "B43"]
[WhiteElo "2374"]
[BlackElo "2086"]
[Annotator "ChessBase"]
[PlyCount "63"]
[EventDate "2019.05.12"]
[EventType "swiss"]
[EventCountry "GER"]
[SourceTitle "playchess.com"]
[Source "ChessBase"]
[SourceQuality "1"]
[TimeControl "40/5400+30:900+30"]

1. e4 c5 2. Nf3 e6 3. d4 cxd4 4. Nxd4 a6 5. Nc3 Qc7 6. Bd3 Nc6 7. Nxc6 bxc6 8. O-O d5 9. f4 Nf6 10. Qe2 Be7 11. e5 Nd7 12. Na4 c5 13. c4 d4 14. Bd2 Bb7 15. b3 h5 16. f5 Qxe5 17. fxe6 Qxe6 18. Rae1 Qxe2 19. Rxe2 Kf8 20. Bf5 Nf6 21. Bf4 g6 22. Bxg6 fxg6 23. Bd6 Bxd6 24. Rxf6+ Kg7 25. Rxd6 Bc8 26. Nxc5 Bf5 27. Ne6+ Bxe6 28. Rexe6 Rhd8 29. Rxg6+ Kf7 30. Kf2 d3 31. Ke3 Ke7 32. Rge6+ 1-0

[Event "Bamberg-Open 2019"]
[Site "Bamberg"]
[Date "2019.05.31"]
[Round "4.7"]
[White "Weishaeutel, Moritz"]
[Black "Gegenfurtner, Juergen"]
[Result "1-0"]
[ECO "C28"]
[WhiteElo "2252"]
[BlackElo "2323"]
[Annotator "ChessBase"]
[PlyCount "75"]
[EventDate "2019.05.12"]
[EventType "swiss"]
[EventCountry "GER"]
[SourceTitle "playchess.com"]
[Source "ChessBase"]
[SourceQuality "1"]
[TimeControl "40/5400+30:900+30"]

1. e4 e5 2. Bc4 Nc6 3. Nc3 Nf6 4. d3 Bc5 5. f4 d6 6. Nf3 Bg4 7. Na4 O-O 8. Nxc5 dxc5 9. O-O Qd6 10. f5 Nd4 11. c3 Bxf3 12. gxf3 b5 13. cxd4 Qxd4+ 14. Kh1 bxc4 15. dxc4 Rfd8 16. Qe2 Rab8 17. Qg2 Kf8 18. Rb1 Qd3 19. Bg5 h6 20. Bh4 Rd6 21. Rg1 g5 22. fxg6 fxg6 23. f4 Re8 24. Rbf1 exf4 25. Rxf4 Rxe4 26. Rxf6+ Rxf6 27. Bxf6 Re2 28. Qa8+ Kf7 29. Bc3 Qh3 30. Qd5+ Ke8 31. Rg2 Re6 32. Rf2 Qe3 33. Qa8+ Ke7 34. Qf8+ Kd7 35. Rf7+ Kc6 36. Qa8+ Kb6 37. Qb8+ Ka6 38. Qb5# 1-0

[Event "Bamberg-Open 2019"]
[Site "Bamberg"]
[Date "2019.05.31"]
[Round "4.8"]
[White "Berghof, Axel"]
[Black "Pribyl, Josef"]
[Result "1/2-1/2"]
[ECO "D86"]
[WhiteElo "2155"]
[BlackElo "2239"]
[Annotator "ChessBase"]
[PlyCount "39"]
[EventDate "2019.05.12"]
[EventType "swiss"]
[EventCountry "GER"]
[SourceTitle "playchess.com"]
[Source "ChessBase"]
[SourceQuality "1"]
[TimeControl "40/5400+30:900+30"]

1. d4 Nf6 2. c4 g6 3. Nc3 d5 4. cxd5 Nxd5 5. e4 Nxc3 6. bxc3 Bg7 7. Bc4 c5 8. Ne2 Nc6 9. Be3 O-O 10. O-O Qc7 11. Qc1 b6 12. Rb1 e6 13. Bh6 Bb7 14. Bxg7 Kxg7 15. Ng3 cxd4 16. Nh5+ Kh8 17. Nf6 Kg7 18. Nh5+ Kh8 19. Nf6 Kg7 20. Nh5+ 1/2-1/2

[Event "Bamberg-Open 2019"]
[Site "Bamberg"]
[Date "2019.05.31"]
[Round "4.10"]
[White "Wehner, Janis"]
[Black "Promyshlyanskiy, Vitaliy"]
[Result "1-0"]
[ECO "C70"]
[WhiteElo "2128"]
[BlackElo "2282"]
[Annotator "ChessBase"]
[PlyCount "90"]
[EventDate "2019.05.12"]
[EventType "swiss"]
[EventCountry "GER"]
[SourceTitle "playchess.com"]
[Source "ChessBase"]
[SourceQuality "1"]
[TimeControl "40/5400+30:900+30"]

1. e4 e5 2. Nf3 Nc6 3. Bb5 a6 4. Ba4 Nge7 5. c3 g6 6. O-O Bg7 7. d4 exd4 8. cxd4 b5 9. Bb3 d6 10. h3 O-O 11. Nc3 Na5 12. Bc2 Bb7 13. Be3 Nc4 14. Bc1 c5 15. b3 Nb6 16. Bb2 f5 17. dxc5 dxc5 18. Ng5 Bc8 19. Qxd8 Rxd8 20. Rad1 Bd7 21. exf5 Bxf5 22. Bxf5 Nxf5 23. Rxd8+ Rxd8 24. Rd1 Re8 25. g4 Nd4 26. Kg2 b4 27. Nce4 h6 28. Nxc5 Ne2 29. Bxg7 Nf4+ 30. Kg3 Kxg7 31. Kxf4 hxg5+ 32. Kf3 a5 33. Rd6 Rb8 34. Nd3 Rf8+ 35. Ke4 Rf6 36. Ke5 Rf3 37. Kd4 Nc8 38. Rxg6+ Kxg6 39. Ne5+ Kf6 40. Nxf3 Nd6 41. Nd2 Nb5+ 42. Ke3 Nc3 43. Ne4+ Ke5 44. Nxc3 bxc3 45. a3 Kd5 {[%emt 0:02:17] Ke4+} 1-0

[Event "Bamberg-Open 2019"]
[Site "Bamberg"]
[Date "2019.05.31"]
[Round "4.11"]
[White "Spitzl, Vinzent"]
[Black "Schenk, Alexander"]
[Result "1-0"]
[ECO "A14"]
[WhiteElo "2263"]
[BlackElo "2096"]
[Annotator "ChessBase"]
[PlyCount "75"]
[EventDate "2019.05.12"]
[EventType "swiss"]
[EventCountry "GER"]
[SourceTitle "playchess.com"]
[Source "ChessBase"]
[SourceQuality "1"]
[TimeControl "40/5400+30:900+30"]

1. Nf3 d5 2. g3 Nf6 3. Bg2 e6 4. c4 Be7 5. O-O O-O 6. b3 c5 7. cxd5 exd5 8. d4 Nc6 9. Bb2 Be6 10. Nc3 Rc8 11. dxc5 Bxc5 12. Nb5 Qe7 13. a3 a6 14. Nbd4 Bg4 15. Nxc6 bxc6 16. b4 Bb6 17. Qd3 Ra8 18. Ne5 Bd7 19. Rac1 Rfc8 20. Nxd7 Nxd7 21. e4 dxe4 22. Bxe4 Ne5 23. Bxh7+ Kh8 24. Qf5 Re8 25. Qh5 Qg5 26. Qxg5 Nf3+ 27. Kg2 Nxg5 28. Bf5 Re2 29. Rxc6 Rxb2 30. Rxb6 Ra2 31. h4 Nh7 32. Be4 Rd8 33. Rxa6 Nf6 34. Bf3 Rdd2 35. b5 Rdb2 36. b6 Nd7 37. b7 Kh7 38. Ra8 1-0

[Event "Bamberg-Open 2019"]
[Site "Bamberg"]
[Date "2019.05.31"]
[Round "4.12"]
[White "Sukaylo, Aleksey"]
[Black "Mooser, Stefan"]
[Result "0-1"]
[ECO "B48"]
[WhiteElo "2097"]
[BlackElo "2215"]
[Annotator "ChessBase"]
[PlyCount "86"]
[EventDate "2019.05.12"]
[EventType "swiss"]
[EventCountry "GER"]
[SourceTitle "playchess.com"]
[Source "ChessBase"]
[SourceQuality "1"]
[TimeControl "40/5400+30:900+30"]

1. e4 c5 2. Nf3 e6 3. d4 cxd4 4. Nxd4 Nc6 5. Nc3 Qc7 6. Be3 a6 7. Qd2 Nf6 8. f3 Be7 9. O-O-O b5 10. g4 Nxd4 11. Qxd4 Bb7 12. g5 Nh5 13. Bh3 Rc8 14. Bg4 b4 15. Bxh5 bxc3 16. Qxc3 Qxc3 17. bxc3 d5 18. e5 g6 19. Bg4 Rxc3 20. Rd3 Rxd3 21. cxd3 d4 22. Bd2 Kd7 23. Kb2 Bc6 24. Bc1 Rb8+ 25. Ka1 Rb5 26. Rd1 Rxe5 27. f4 Ra5 28. Bd2 Ra3 29. Bc1 Ra4 30. Rd2 Bb4 31. Rf2 Bd5 32. Bd1 Bc3+ 33. Kb1 Rb4+ 34. Bb2 Kd6 35. Kc1 Bxb2+ 36. Rxb2 Rxb2 37. Kxb2 e5 38. fxe5+ Kxe5 39. Bb3 Bxb3 40. Kxb3 f5 41. gxf6 Kxf6 42. Kb4 g5 43. Kc5 Ke5 0-1

[Event "Bamberg-Open 2019"]
[Site "Bamberg"]
[Date "2019.05.31"]
[Round "4.13"]
[White "Stauch, Edgar"]
[Black "Carnot, Luca"]
[Result "1/2-1/2"]
[ECO "A36"]
[WhiteElo "2207"]
[BlackElo "2043"]
[Annotator "ChessBase"]
[PlyCount "54"]
[EventDate "2019.05.12"]
[EventType "swiss"]
[EventCountry "GER"]
[SourceTitle "playchess.com"]
[Source "ChessBase"]
[SourceQuality "1"]
[TimeControl "40/5400+30:900+30"]

1. c4 c5 2. g3 g6 3. Nc3 Bg7 4. Bg2 Nc6 5. e3 e5 6. a3 Nge7 7. Rb1 Rb8 8. b4 d6 9. b5 Na5 10. d3 b6 11. Bd2 Be6 12. e4 O-O 13. Nd5 Nb7 14. h4 h6 15. Qc1 Kh7 16. h5 g5 17. f4 gxf4 18. gxf4 Rg8 19. Nxe7 Qxe7 20. f5 Bd7 21. Kf1 Qf8 22. Nf3 Bf6 23. Bh3 Rg3 24. Kf2 Qg7 25. Rg1 Rg8 26. Be3 Na5 27. Bd2 Rxg1 1/2-1/2

[Event "Bamberg-Open 2019"]
[Site "Bamberg"]
[Date "2019.05.31"]
[Round "4.14"]
[White "Fiedorek, Michal"]
[Black "Chennaoui, Yasin"]
[Result "1/2-1/2"]
[ECO "C41"]
[WhiteElo "2088"]
[BlackElo "2184"]
[Annotator "ChessBase"]
[PlyCount "109"]
[EventDate "2019.05.12"]
[EventType "swiss"]
[EventCountry "GER"]
[SourceTitle "playchess.com"]
[Source "ChessBase"]
[SourceQuality "1"]
[TimeControl "40/5400+30:900+30"]

1. e4 d6 2. d4 Nf6 3. Nc3 e5 4. Nf3 Nbd7 5. Bc4 Be7 6. O-O Nb6 7. Bb3 exd4 8. Qxd4 O-O 9. a4 a5 10. h3 Nfd7 11. Be3 Nc5 12. Rad1 Nxb3 13. cxb3 Be6 14. Nd2 d5 15. exd5 Nxd5 16. Nxd5 Qxd5 17. Qxd5 Bxd5 18. Nc4 Rfd8 19. Bf4 Rac8 20. Nxa5 Bf6 21. Rd2 b6 22. Nc4 Bxc4 23. Rxd8+ Rxd8 24. bxc4 Rd4 25. Bxc7 Rxc4 26. Bxb6 Rxa4 27. Re1 h6 28. Re2 Rb4 29. Bc5 Rxb2 30. Rxb2 Bxb2 31. g4 Kh7 32. Kg2 h5 33. Kg3 Kg6 34. Be3 Ba3 35. Bd4 Bf8 36. f4 hxg4 37. hxg4 Bd6 38. Kf3 Be7 39. f5+ Kh6 40. Be3+ Bg5 41. Bxg5+ Kxg5 42. Kg3 f6 43. Kf3 Kh4 44. Kf4 Kh3 45. Kf3 Kh2 46. Kf2 Kh3 47. Kf3 Kh4 48. Kf4 Kh3 49. Kf3 Kh2 50. Kf2 Kh1 51. Kf1 Kh2 52. Kf2 Kh1 53. Kf1 Kh2 54. Kf2 Kh1 55. Kf1 1/2-1/2

[Event "Bamberg-Open 2019"]
[Site "Bamberg"]
[Date "2019.05.31"]
[Round "4.15"]
[White "Birkner, Frank"]
[Black "Schmidt, Justus"]
[Result "1-0"]
[ECO "E81"]
[WhiteElo "1784"]
[BlackElo "2153"]
[Annotator "ChessBase"]
[PlyCount "69"]
[EventDate "2019.05.12"]
[EventType "swiss"]
[EventCountry "GER"]
[SourceTitle "playchess.com"]
[Source "ChessBase"]
[SourceQuality "1"]
[TimeControl "40/5400+30:900+30"]

1. d4 Nf6 2. c4 g6 3. Nc3 Bg7 4. e4 d6 5. f3 O-O 6. Be3 Nbd7 7. Nge2 c5 8. Qd2 a6 9. Bh6 cxd4 10. Nxd4 Ne5 11. Bxg7 Kxg7 12. Be2 Qa5 13. Nd5 Qxd2+ 14. Kxd2 Nxd5 15. cxd5 Bd7 16. f4 Ng4 17. Bxg4 Bxg4 18. f5 gxf5 19. h3 Bh5 20. exf5 Rfc8 21. g4 Rc5 22. gxh5 Rxd5 23. Ke3 Re8 24. Rhg1+ Kh6 25. Rac1 e6 26. fxe6 Rxh5 27. Rg3 fxe6 28. Rf1 Re5+ 29. Kd3 Rd5 30. Rf6+ Kh5 31. Ke4 Re5+ 32. Kf3 Re1 33. Kf2 Re5 34. Ne2 Rf5+ 35. Nf4+ 1-0